[Event "90th GER-ch 2019"]
[Site "Magdeburg"]
[Date "2019.05.28"]
[Round "3.10"]
[White "Trifan, Andrei Ioan"]
[Black "Krastev, Alexander"]
[Result "1/2-1/2"]
[ECO "C95"]
[WhiteElo "2268"]
[BlackElo "2344"]
[Annotator "ChessBase"]
[PlyCount "81"]
[EventDate "2019.05.26"]
[EventType "tourn"]
[EventCountry "GER"]
[SourceTitle "playchess.com"]
[Source "ChessBase"]
[SourceQuality "1"]
[TimeControl "40/5400+30:1800+30"]

1. e4 e5 2. Nf3 Nc6 3. Bb5 a6 4. Ba4 Nf6 5. O-O Be7 6. Re1 b5 7. Bb3 d6 8. c3 O-O 9. h3 Nb8 10. d4 Nbd7 11. Nbd2 Bb7 12. Bc2 Re8 13. Nf1 Bf8 14. Ng3 g6 15. b3 Bg7 16. d5 Qc8 17. Be3 c6 18. c4 Qc7 19. Rc1 b4 20. Qd2 c5 21. Bh6 Bxh6 22. Qxh6 Qd8 23. Nh2 Kh8 24. Rf1 a5 25. a4 bxa3 26. Ra1 a4 27. bxa4 Nb6 28. Bb3 Nxa4 29. Rxa3 Ng8 30. Qe3 Nb6 31. Raa1 Qc7 32. f4 Rxa1 33. Rxa1 exf4 34. Qxf4 f6 35. h4 h5 36. Ne2 Nd7 37. Nc3 Ne5 38. Nf3 Qb6 39. Ba4 Re7 40. Rb1 Qa5 41. Nxe5 1/2-1/2

[Event "90th GER-ch 2019"]
[Site "Magdeburg"]
[Date "2019.05.28"]
[Round "3.12"]
[White "Guenther, Andreas"]
[Black "Pajeken, Jakob Leon"]
[Result "0-1"]
[ECO "A01"]
[WhiteElo "2121"]
[BlackElo "2359"]
[Annotator "RC"]
[PlyCount "60"]
[EventDate "2019.05.26"]
[EventType "tourn"]
[EventCountry "GER"]
[SourceTitle "playchess.com"]
[Source "ChessBase"]
[SourceQuality "1"]
[TimeControl "40/5400+30:1800+30"]

1. b3 d5 2. Bb2 Nf6 3. e3 e6 4. f4 c5 5. Nf3 Nc6 6. Bb5 Bd6 7. O-O O-O 8. Bxc6 bxc6 9. Ne5 Qc7 10. d3 Nd7 11. Nxd7 Bxd7 12. Qh5 f6 13. Nd2 Rae8 14. Nf3 Rf7 15. Kh1 g6 16. Qh4 Ref8 17. Rf2 d4 18. exd4 Bxf4 19. Nd2 g5 20. Qh6 Be3 21. Re2 Bxd2 22. Rxd2 Qf4 23. Re2 cxd4 24. Re4 Qf2 25. Bxd4 Qxc2 26. Bxa7 c5 27. Rae1 Bc6 28. R4e2 Qc3 29. Qh3 Bd5 30. Bb6 Rb8 0-1

[Event "90th GER-ch 2019"]
[Site "Magdeburg"]
[Date "2019.05.28"]
[Round "3.13"]
[White "Schulz, Karsten"]
[Black "Wachinger, Nikolas"]
[Result "1/2-1/2"]
[ECO "A05"]
[WhiteElo "2227"]
[BlackElo "2311"]
[Annotator "ChessBase"]
[PlyCount "152"]
[EventDate "2019.05.26"]
[EventType "tourn"]
[EventCountry "GER"]
[SourceTitle "playchess.com"]
[Source "ChessBase"]
[SourceQuality "1"]
[TimeControl "40/5400+30:1800+30"]

1. Nf3 Nf6 2. g3 g6 3. b3 Bg7 4. Bb2 O-O 5. Bg2 d6 6. d4 e5 7. dxe5 Ng4 8. O-O Nxe5 9. Nxe5 dxe5 10. Qxd8 Rxd8 11. Na3 f6 12. Rad1 Re8 13. Rd2 Bf8 14. Rfd1 Be7 15. Nb5 Na6 16. a3 Kf8 17. b4 f5 18. e4 Bg5 19. Rd3 f4 20. gxf4 Bxf4 21. Bh3 Bxh3 22. Rxh3 Re7 23. Rhd3 Ke8 24. Nc3 c6 25. Ne2 Bg5 26. Kg2 Nc7 27. Kg3 Bf6 28. Bc1 Ne6 29. Be3 a5 30. b5 Rc8 31. c4 cxb5 32. cxb5 Rc2 33. Nc3 Nf4 34. Rd8+ Kf7 35. Nd5 Nxd5 36. R1xd5 Rc3 37. Kg2 Rec7 38. R8d7+ Ke8 39. Rxc7 Rxc7 40. Bb6 Rc4 41. Bxa5 Rxe4 42. Bc3 Be7 43. Bxe5 Bxa3 44. Bg3 Be7 45. f4 h5 46. Kf3 Rb4 47. Bf2 Rb3+ 48. Ke4 Rb2 49. Kf3 Bf6 50. h3 Rb3+ 51. Be3 Ke7 52. b6 Ke6 53. Rd1 Be7 54. Ke4 Bf6 55. Kf3 Rb5 56. Ke4 Rb4+ 57. Kf3 Rb3 58. Ke4 Be7 59. Rd2 h4 60. Rd1 Rb2 61. Rd3 Bb4 62. Rd1 Ba5 63. Rg1 Kf7 64. Rd1 Rb4+ 65. Kf3 Rb3 66. Ke4 Bxb6 67. Bxb6 Rxb6 68. Kf3 Rb4 69. Kg4 b5 70. Rd7+ Ke6 71. Rg7 Kf6 72. Rb7 Rb1 73. Rb6+ Kg7 74. Kxh4 b4 75. Kg5 Rg1+ 76. Kh4 Rb1 1/2-1/2

[Event "90th GER-ch 2019"]
[Site "Magdeburg"]
[Date "2019.05.28"]
[Round "3.14"]
[White "Dauth, Benjamin"]
[Black "Adiyaman, Rene"]
[Result "1/2-1/2"]
[ECO "C65"]
[WhiteElo "2295"]
[BlackElo "2175"]
[Annotator "ChessBase"]
[PlyCount "101"]
[EventDate "2019.05.26"]
[EventType "tourn"]
[EventCountry "GER"]
[SourceTitle "playchess.com"]
[Source "ChessBase"]
[SourceQuality "1"]
[TimeControl "40/5400+30:1800+30"]

1. e4 e5 2. Nf3 Nc6 3. Bb5 Nf6 4. d3 Bc5 5. Bxc6 dxc6 6. Be3 Bd6 7. Nbd2 Qe7 8. h3 Be6 9. Qe2 a6 10. d4 exd4 11. Bg5 Bb4 12. e5 Bxd2+ 13. Bxd2 Nd7 14. Nxd4 O-O-O 15. O-O Rhe8 16. Rfe1 Bxh3 17. Nxc6 bxc6 18. Qxa6+ Kb8 19. Be3 c5 20. b4 Bxg2 21. Kxg2 Qe6 22. Qxe6 Rxe6 23. bxc5 Nxe5 24. Rad1 Rg6+ 25. Kf1 Rxd1 26. Rxd1 Kb7 27. Rd8 Re6 28. Rg8 g6 29. a4 h5 30. c3 Nc4 31. Bd4 Nb2 32. Rg7 f5 33. Kg2 Nxa4 34. Kg3 Kc6 35. f3 Nxc5 36. Kf4 Nd3+ 37. Kg5 Ne1 38. Bf6 Nxf3+ 39. Kxg6 f4 40. Kf5 Rxf6+ 41. Kxf6 Nd2 42. Rg2 Ne4+ 43. Ke5 f3 44. Rg6+ Nd6 45. Rf6 Kc5 46. Rxf3 Nb5 47. Rh3 Kc4 48. Rh4+ Kc5 49. Ke6 Nxc3 50. Rxh5+ Kb4 51. Kd7 1/2-1/2

[Event "90th GER-ch 2019"]
[Site "Magdeburg"]
[Date "2019.05.28"]
[Round "3.15"]
[White "Bastian, Herbert"]
[Black "Heimrath, Reiner"]
[Result "1-0"]
[ECO "B26"]
[WhiteElo "2297"]
[BlackElo "2239"]
[Annotator "ChessBase"]
[PlyCount "58"]
[EventDate "2019.05.26"]
[EventType "tourn"]
[EventCountry "GER"]
[SourceTitle "playchess.com"]
[Source "ChessBase"]
[SourceQuality "1"]
[TimeControl "40/5400+30:1800+30"]

1. e4 c5 2. Nc3 Nc6 3. g3 g6 4. Bg2 Bg7 5. d3 d6 6. Be3 Rb8 7. Qd2 b5 8. Nd1 e5 9. c3 b4 10. Ne2 Nge7 11. O-O bxc3 12. bxc3 O-O 13. Bh6 Qa5 14. Bxg7 Kxg7 15. Ne3 Be6 16. f4 f6 17. f5 Bg8 18. fxg6 hxg6 19. Ng4 g5 20. h4 Be6 21. Bh3 Bxg4 22. Bxg4 Kg6 23. Rf2 Nd4 24. Raf1 Nxe2+ 25. Bxe2 gxh4 26. gxh4 Ng8 27. Rg2+ Kh7 28. Rf5 Rb1+ 29. Rf1 Rbb8 1-0

[Event "90th GER-ch 2019"]
[Site "Magdeburg"]
[Date "2019.05.28"]
[Round "4.7"]
[White "Becker, Marcel"]
[Black "Lubbe, Nikolas"]
[Result "1-0"]
[ECO "A70"]
[WhiteElo "2308"]
[BlackElo "2431"]
[Annotator "RC"]
[PlyCount "115"]
[EventDate "2019.05.26"]
[EventType "tourn"]
[EventCountry "GER"]
[SourceTitle "playchess.com"]
[Source "ChessBase"]
[SourceQuality "1"]
[TimeControl "40/5400+30:1800+30"]

1. d4 Nf6 2. c4 c5 3. d5 e6 4. Nc3 exd5 5. cxd5 d6 6. e4 g6 7. Nf3 Bg7 8. h3 O-O 9. Bd3 a6 10. a4 Nbd7 11. O-O Qe7 12. Re1 Ne8 13. Bg5 f6 14. Bf4 Ne5 15. Bf1 Nc7 16. Rb1 a5 17. Nd2 Na6 18. Bg3 g5 19. Nc4 Nb4 20. Nb5 Rd8 21. Bxe5 fxe5 22. Be2 Ra6 23. Bg4 Bxg4 24. hxg4 Bf8 25. Ra1 Raa8 26. Ra3 Ra6 27. Rh3 Rd7 28. Qd2 Qd8 29. Rh5 Rg7 30. g3 Ra8 31. Kg2 b6 32. Reh1 Rb8 33. Ne3 Rbb7 34. Nf5 Rg6 35. b3 Rd7 36. R1h2 Na6 37. Na3 Nc7 38. f3 Ne8 39. Qc1 Rb7 40. Rh1 Kh8 41. Nb5 Kg8 42. Qc4 Nf6 43. R5h2 Qd7 44. Na3 Ra7 45. Qb5 Qxb5 46. Nxb5 Rd7 47. Ne3 Rb7 48. Kf2 Rgg7 49. Ke2 Rgd7 50. Nf5 Rb8 51. Kd3 Kf7 52. Rxh7+ Nxh7 53. Rxh7+ Ke8 54. Rh8 Kf7 55. Rh7+ Ke8 56. Rh5 Kf7 57. Rxg5 Rbd8 58. Rh5 1-0

[Event "90th GER-ch 2019"]
[Site "Magdeburg"]
[Date "2019.05.28"]
[Round "4.10"]
[White "Pajeken, Jakob Leon"]
[Black "Trifan, Andrei Ioan"]
[Result "1/2-1/2"]
[ECO "A49"]
[WhiteElo "2359"]
[BlackElo "2268"]
[Annotator "ChessBase"]
[PlyCount "71"]
[EventDate "2019.05.26"]
[EventType "tourn"]
[EventCountry "GER"]
[SourceTitle "playchess.com"]
[Source "ChessBase"]
[SourceQuality "1"]
[TimeControl "40/5400+30:1800+30"]

1. d4 Nf6 2. Nf3 g6 3. g3 Bg7 4. Bg2 O-O 5. O-O d6 6. b3 Nbd7 7. Bb2 e5 8. dxe5 Ng4 9. c4 Ngxe5 10. Nxe5 Nxe5 11. Qd2 a5 12. Nc3 a4 13. Nxa4 Nxc4 14. bxc4 Rxa4 15. Bxg7 Kxg7 16. Bxb7 Bxb7 17. Qb2+ Kg8 18. Qxb7 Rxc4 19. Qb3 Rc5 20. Rfc1 Rxc1+ 21. Rxc1 Qb8 22. Qd5 Qa8 23. Qc4 d5 24. Qg4 Qxa2 25. Rxc7 Qb1+ 26. Kg2 Qe4+ 27. Qf3 Re8 28. Rd7 Re5 29. e3 f5 30. h4 h6 31. h5 gxh5 32. Rd6 Kh7 33. Rd8 Kg7 34. Rd6 Kh7 35. Rd8 Kg7 36. Rd6 1/2-1/2

[Event "90th GER-ch 2019"]
[Site "Magdeburg"]
[Date "2019.05.28"]
[Round "4.11"]
[White "Schulz, Karsten"]
[Black "Maetzkow, Maximilian Paul"]
[Result "1/2-1/2"]
[ECO "A05"]
[WhiteElo "2227"]
[BlackElo "2338"]
[Annotator "ChessBase"]
[PlyCount "75"]
[EventDate "2019.05.26"]
[EventType "tourn"]
[EventCountry "GER"]
[SourceTitle "playchess.com"]
[Source "ChessBase"]
[SourceQuality "1"]
[TimeControl "40/5400+30:1800+30"]

1. Nf3 Nf6 2. g3 b6 3. Bg2 Bb7 4. c4 e6 5. b3 Be7 6. Bb2 O-O 7. O-O c5 8. Nc3 d6 9. d3 Nbd7 10. e4 a6 11. Ng5 Qc7 12. f4 Bc6 13. g4 b5 14. Nh3 b4 15. Nb1 d5 16. g5 Ne8 17. Qh5 dxe4 18. dxe4 f5 19. Nd2 g6 20. Qe2 Rf7 21. Rad1 Rd8 22. Rfe1 Nd6 23. exf5 exf5 24. Nf3 Ne4 25. Ne5 Nxe5 26. Bxe5 Bd6 27. Bxe4 Bxe4 28. Rxd6 Rxd6 29. Bxd6 Qxd6 30. Rd1 Qc7 31. Qd2 Re7 32. Qd8+ Qxd8 33. Rxd8+ Kg7 34. Kf2 Bb1 35. Rd2 Be4 36. Rd8 Bb1 37. Rd2 Be4 38. Rd8 1/2-1/2

[Event "90th GER-ch 2019"]
[Site "Magdeburg"]
[Date "2019.05.28"]
[Round "4.12"]
[White "Wachinger, Nikolas"]
[Black "Bastian, Herbert"]
[Result "1-0"]
[ECO "C65"]
[WhiteElo "2311"]
[BlackElo "2297"]
[Annotator "ChessBase"]
[PlyCount "69"]
[EventDate "2019.05.26"]
[EventType "tourn"]
[EventCountry "GER"]
[SourceTitle "playchess.com"]
[Source "ChessBase"]
[SourceQuality "1"]
[TimeControl "40/5400+30:1800+30"]

1. e4 e5 2. Nf3 Nc6 3. Bb5 Nf6 4. d3 d6 5. O-O Be7 6. c3 O-O 7. Nbd2 a6 8. Bxc6 bxc6 9. d4 exd4 10. cxd4 d5 11. e5 Ne4 12. Qc2 Bf5 13. Qxc6 Rb8 14. Qxa6 Rb6 15. Qe2 Rg6 16. Re1 h5 17. Nf1 h4 18. Ne3 Be6 19. Nd2 c5 20. Nxd5 Bxd5 21. Nxe4 cxd4 22. Qd3 f5 23. exf6 Bxf6 24. Bf4 Qd7 25. h3 Qf5 26. Bh2 Bd8 27. Kh1 Bb6 28. f3 Rc8 29. b3 Rc3 30. Nxc3 Qxd3 31. Nxd5 Ba5 32. Ne7+ Kh7 33. Red1 Qc2 34. Nxg6 Qxg6 35. Rxd4 1-0

[Event "90th GER-ch 2019"]
[Site "Magdeburg"]
[Date "2019.05.28"]
[Round "4.13"]
[White "Schulz, Lukas"]
[Black "Moeller, Dustin"]
[Result "0-1"]
[ECO "B10"]
[WhiteElo "2302"]
[BlackElo "2156"]
[Annotator "ChessBase"]
[PlyCount "79"]
[EventDate "2019.05.26"]
[EventType "tourn"]
[EventCountry "GER"]
[SourceTitle "playchess.com"]
[Source "ChessBase"]
[SourceQuality "1"]
[TimeControl "40/5400+30:1800+30"]

1. e4 c6 2. Nc3 d5 3. g3 d4 4. Nce2 e5 5. d3 Bd6 6. Bg2 Nf6 7. f4 c5 8. Nf3 Nc6 9. O-O O-O 10. f5 b5 11. h3 a5 12. g4 h6 13. g5 hxg5 14. Bxg5 Be7 15. Qe1 Nh7 16. Bd2 c4 17. Qg3 Bf6 18. Kh1 b4 19. h4 Ba6 20. Ng5 c3 21. bxc3 bxc3 22. Nxh7 Kxh7 23. Bg5 Rh8 24. Ng1 Bxg5 25. hxg5 Kg8+ 26. Bh3 f6 27. Nf3 Kf7 28. Rf2 Ke7 29. Kh2 Kd6 30. Rg1 Ra7 31. Rfg2 Kc5 32. Qe1 Qe8 33. gxf6 Qh5 34. Ng5 gxf6 35. Ne6+ Kd6 36. Rg3 Rb7 37. a3 Rb2 38. R1g2 Bb5 39. Re2 Ba4 40. Reg2 0-1

[Event "90th GER-ch 2019"]
[Site "Magdeburg"]
[Date "2019.05.28"]
[Round "4.14"]
[White "Heimrath, Reiner"]
[Black "Adiyaman, Rene"]
[Result "1-0"]
[ECO "A06"]
[WhiteElo "2239"]
[BlackElo "2175"]
[Annotator "ChessBase"]
[PlyCount "129"]
[EventDate "2019.05.26"]
[EventType "tourn"]
[EventCountry "GER"]
[SourceTitle "playchess.com"]
[Source "ChessBase"]
[SourceQuality "1"]
[TimeControl "40/5400+30:1800+30"]

1. Nf3 d5 2. g3 c6 3. Bg2 Nf6 4. O-O Bf5 5. d3 e6 6. Nbd2 h6 7. b3 Be7 8. Bb2 O-O 9. Qe1 Nbd7 10. e4 Bh7 11. Qe2 Nc5 12. Ne5 a5 13. a4 Nfd7 14. Nxd7 Nxd7 15. Rad1 Bf6 16. Ba3 Re8 17. f4 Rc8 18. Kh1 b5 19. e5 Be7 20. Ra1 Bxa3 21. Rxa3 b4 22. Raa1 c5 23. g4 Qc7 24. Rae1 Nb6 25. f5 exf5 26. gxf5 f6 27. e6 Re7 28. Qg4 Kh8 29. Re3 c4 30. Nf3 Qd8 31. Nd4 cxb3 32. cxb3 Rc3 33. Qf4 Qc7 34. Qh4 Qc5 35. h3 Nc8 36. Qf4 Nd6 37. Rg3 Qc7 38. Kh2 Rc5 39. Kg1 Ne8 40. Qf2 Nd6 41. Re3 Nxf5 42. Nxf5 Bxf5 43. d4 Rc3 44. Rxc3 Qxc3 45. Qxf5 Qe3+ 46. Kh1 Qxe6 47. Bxd5 Qe3 48. Rg1 Re8 49. Bc4 Re4 50. Qc8+ Re8 51. Qg4 Re7 52. Qg3 Qe4+ 53. Rg2 g5 54. Kh2 Kg7 55. Re2 Qb7 56. Rxe7+ Qxe7 57. Qb8 h5 58. Qg8+ Kh6 59. Qh8+ Kg6 60. Bd3+ f5 61. Qe5 Qd7 62. d5 Qf7 63. Qe6+ Qxe6 64. dxe6 Kf6 65. Bxf5 1-0

[Event "90th GER-ch 2019"]
[Site "Magdeburg"]
[Date "2019.05.28"]
[Round "4.15"]
[White "Dauth, Benjamin"]
[Black "Kardoeus, David"]
[Result "0-1"]
[ECO "B22"]
[WhiteElo "2295"]
[BlackElo "2202"]
[Annotator "ChessBase"]
[PlyCount "108"]
[EventDate "2019.05.26"]
[EventType "tourn"]
[EventCountry "GER"]
[SourceTitle "playchess.com"]
[Source "ChessBase"]
[SourceQuality "1"]
[TimeControl "40/5400+30:1800+30"]

1. e4 c5 2. c3 Nf6 3. d3 Nc6 4. f4 d5 5. e5 Nd7 6. Nf3 d4 7. Nbd2 f6 8. e6 Nb6 9. f5 Qd5 10. g4 dxc3 11. bxc3 Ne5 12. c4 Nxd3+ 13. Bxd3 Qxd3 14. Qb3 Qxb3 15. axb3 h5 16. g5 g6 17. Ba3 gxf5 18. Bxc5 Rb8 19. Rxa7 Na8 20. Be3 Nc7 21. Bf4 Ra8 22. Rxa8 Nxa8 23. gxf6 exf6 24. Nd4 Rg8 25. Rf1 Bb4 26. Be3 Nc7 27. Rxf5 Ke7 28. Rxh5 Nxe6 29. Rh7+ Kd6 30. Nxe6 Kxe6 31. Kf2 Ke5 32. Rh4 Rg4 33. Rh8 Bd7 34. Nf3+ Ke4 35. Rd8 Rg7 36. h4 Bd6 37. h5 Bg3+ 38. Ke2 Bc7 39. Nd2+ Ke5 40. Rh8 Bg4+ 41. Kf2 Ba5 42. Re8+ Kf5 43. h6 Rh7 44. Ne4 Bc7 45. c5 Bh5 46. Nxf6 Kxf6 47. Rf8+ Ke7 48. Ra8 Rf7+ 49. Ke1 Kd7 50. b4 Kc6 51. Rc8 Kb5 52. Rg8 Kxb4 53. Bd4 Kc4 54. Bg7 Ba5+ 0-1

[Event "90th GER-ch 2019"]
[Site "Magdeburg"]
[Date "2019.05.29"]
[Round "5.4"]
[White "Polster, Christian"]
[Black "Kvetny, Mark"]
[Result "0-1"]
[ECO "C42"]
[WhiteElo "2236"]
[BlackElo "2414"]
[Annotator "RC"]
[PlyCount "62"]
[EventDate "2019.05.26"]
[EventType "tourn"]
[EventCountry "GER"]
[SourceTitle "playchess.com"]
[Source "ChessBase"]
[SourceQuality "1"]
[TimeControl "40/5400+30:1800+30"]

1. e4 e5 2. Nf3 Nf6 3. Nxe5 d6 4. Nf3 Nxe4 5. Nc3 Nxc3 6. dxc3 Be7 7. Be3 O-O 8. Qd2 b6 9. O-O-O Bb7 10. Nd4 a6 11. c4 Nd7 12. Kb1 Re8 13. Nf5 Bf6 14. h4 b5 15. Bd4 bxc4 16. Bxc4 Ne5 17. Bf1 c5 18. Be3 d5 19. Bxc5 Qc8 20. Qb4 a5 21. Qb3 Qxc5 22. Qxb7 Reb8 23. Qxd5 Rxb2+ 24. Ka1 Rxa2+ 25. Kxa2 Qxc2+ 26. Ka3 Nc4+ 27. Qxc4 Bb2+ 28. Ka2 Bc3+ 29. Ka3 Bb4+ 30. Qxb4 axb4+ 31. Kxb4 Qxd1 0-1

[Event "90th GER-ch 2019"]
[Site "Magdeburg"]
[Date "2019.05.29"]
[Round "5.10"]
[White "Moeller, Dustin"]
[Black "Svane, Frederik"]
[Result "0-1"]
[ECO "E97"]
[WhiteElo "2156"]
[BlackElo "2342"]
[Annotator "RC"]
[PlyCount "100"]
[EventDate "2019.05.26"]
[EventType "tourn"]
[EventCountry "GER"]
[SourceTitle "playchess.com"]
[Source "ChessBase"]
[SourceQuality "1"]
[TimeControl "40/5400+30:1800+30"]

1. d4 Nf6 2. c4 g6 3. Nc3 Bg7 4. e4 d6 5. Be2 O-O 6. Nf3 e5 7. O-O Nc6 8. d5 Ne7 9. Nd2 a5 10. a3 Nd7 11. Rb1 f5 12. b4 Nf6 13. f3 axb4 14. axb4 c6 15. Kh1 h5 16. Nb3 cxd5 17. cxd5 f4 18. Bd2 g5 19. Rc1 Rf7 20. Nb5 Ng6 21. Qc2 Ne8 22. Ra1 Rb8 23. Be1 g4 24. Rg1 Bh6 25. Na7 Bd7 26. Bb5 Rg7 27. Bxd7 Qxd7 28. Qe2 Nc7 29. Ra5 Bg5 30. Nb5 Ne8 31. Na7 Bd8 32. Ra3 Ra8 33. Nb5 Rb8 34. Na7 Ra8 35. Nb5 Rxa3 36. Nxa3 Nf6 37. Qb5 Qe7 38. Na5 Nh7 39. Nxb7 Qxb7 40. Qe8+ Ngf8 41. Qxd8 gxf3 42. Qh4 Qa6 43. gxf3 Qxa3 44. Rxg7+ Kxg7 45. Qxh5 Qc1 46. Qg4+ Ng6 47. Qg1 Ng5 48. Bf2 Qc2 49. h4 Nxf3 50. Qg2 Qd1+ 0-1

[Event "90th GER-ch 2019"]
[Site "Magdeburg"]
[Date "2019.05.29"]
[Round "5.14"]
[White "Adiyaman, Rene"]
[Black "Nosek, Reinhard"]
[Result "1/2-1/2"]
[ECO "B22"]
[WhiteElo "2175"]
[BlackElo "1913"]
[Annotator "ChessBase"]
[PlyCount "126"]
[EventDate "2019.05.26"]
[EventType "tourn"]
[EventCountry "GER"]
[SourceTitle "playchess.com"]
[Source "ChessBase"]
[SourceQuality "1"]
[TimeControl "40/5400+30:1800+30"]

1. e4 c5 2. c3 e6 3. d4 Qc7 4. Nf3 Be7 5. Bd3 d6 6. O-O Nd7 7. Qe2 Ngf6 8. Rd1 b6 9. Nbd2 Bb7 10. a3 a5 11. Bb5 O-O 12. e5 Nd5 13. Nc4 Bc6 14. Bxc6 Qxc6 15. Qe4 Qa4 16. Qd3 dxe5 17. Ncxe5 cxd4 18. Nxd7 Qxd7 19. c4 Nf6 20. Bf4 Rfd8 21. Rd2 Nh5 22. Be3 Bf6 23. Qe4 Qc7 24. Bxd4 Qf4 25. Qxf4 Nxf4 26. Bxb6 Rxd2 27. Nxd2 Bxb2 28. Ra2 Bc3 29. Ne4 Be5 30. g3 Ng6 31. Rd2 Kf8 32. c5 Ne7 33. Rd7 Ke8 34. Rb7 Nc6 35. Nd6+ Bxd6 36. cxd6 Ne5 37. Rc7 a4 38. Re7+ Kf8 39. f4 Rb8 40. Rc7 Ke8 41. Re7+ Kf8 42. fxe5 Rxb6 43. Ra7 Ke8 44. Rxa4 Rb7 45. Kg2 f6 46. Kf3 Kd7 47. Rb4 Ra7 48. Ke4 fxe5 49. a4 Kxd6 50. Rb6+ Ke7 51. Kxe5 Rxa4 52. Rb7+ Kf8 53. Kxe6 Re4+ 54. Kf5 Re7 55. Rb8+ Kf7 56. g4 Ra7 57. Rb5 h6 58. h4 g6+ 59. Ke5 Kg7 60. Rb6 Re7+ 61. Re6 Ra7 62. Rd6 Rf7 63. Re6 Ra7 1/2-1/2

[Event "90th GER-ch 2019"]
[Site "Magdeburg"]
[Date "2019.05.29"]
[Round "5.15"]
[White "Bastian, Herbert"]
[Black "Schulz, Lukas"]
[Result "0-1"]
[ECO "B24"]
[WhiteElo "2297"]
[BlackElo "2302"]
[Annotator "ChessBase"]
[PlyCount "64"]
[EventDate "2019.05.26"]
[EventType "tourn"]
[EventCountry "GER"]
[SourceTitle "playchess.com"]
[Source "ChessBase"]
[SourceQuality "1"]
[TimeControl "40/5400+30:1800+30"]

1. e4 c5 2. Nc3 Nc6 3. g3 d6 4. Bg2 e5 5. d3 Be7 6. Nd5 Nf6 7. Nxe7 Qxe7 8. Ne2 Bg4 9. f3 Bh5 10. c4 O-O 11. O-O Ne8 12. Bd2 Nc7 13. Nc3 Bg6 14. a3 f5 15. Rb1 f4 16. b4 b6 17. bxc5 dxc5 18. Nd5 Nxd5 19. cxd5 Nd4 20. gxf4 exf4 21. Bc3 Qe5 22. Qd2 Be8 23. Rf2 Bd7 24. Qb2 Rac8 25. Kh1 g5 26. Rg1 h5 27. Bf1 Kf7 28. Be2 Rg8 29. Bd1 Ke7 30. a4 g4 31. Rfg2 g3 32. Re1 h4 0-1

[Event "90th GER-ch 2019"]
[Site "Magdeburg"]
[Date "2019.05.29"]
[Round "5.16"]
[White "Guenther, Andreas"]
[Black "Dauth, Benjamin"]
[Result "0-1"]
[ECO "D05"]
[WhiteElo "2121"]
[BlackElo "2295"]
[Annotator "ChessBase"]
[PlyCount "126"]
[EventDate "2019.05.26"]
[EventType "tourn"]
[EventCountry "GER"]
[SourceTitle "playchess.com"]
[Source "ChessBase"]
[SourceQuality "1"]
[TimeControl "40/5400+30:1800+30"]

1. d4 d5 2. Nf3 Nf6 3. e3 e6 4. Bd3 Bd6 5. O-O O-O 6. b3 Qe7 7. Bb2 Nbd7 8. Ne5 Ne8 9. f4 g6 10. Nd2 Ng7 11. e4 f6 12. Nxd7 Bxd7 13. e5 Ba3 14. Bxa3 Qxa3 15. Nf3 c5 16. c3 Rac8 17. exf6 Rxf6 18. Ne5 Be8 19. Qd2 Qa5 20. b4 cxb4 21. cxb4 Qb6 22. Qb2 Bb5 23. Bxb5 Qxb5 24. a4 Qe8 25. Rac1 Rd8 26. Rc7 Qxa4 27. Rxb7 Qa6 28. Rc7 Ne8 29. Rc6 Qb7 30. g3 Nd6 31. Qa3 Rf7 32. Nxf7 Kxf7 33. Qa6 Qxb4 34. Qxa7+ Kf8 35. Qc5 Qb8 36. Ra1 Qb2 37. Qc3 Qe2 38. Re1 Qg4 39. Qc5 Ke7 40. Qa7+ Kf6 41. Qb6 Nf7 42. Rcxe6+ Kg7 43. Re7 Rd7 44. Qe6 Rxe7 45. Qxe7 Qf3 46. Qe3 Qg4 47. Rc1 h5 48. Kg2 h4 49. h3 Qf5 50. g4 Qd7 51. Re1 Qc7 52. Re2 Qc4 53. Rf2 Qc7 54. Qe6 Qc3 55. Qxd5 Qg3+ 56. Kf1 Qxh3+ 57. Qg2 Qd3+ 58. Kg1 Qxd4 59. Kh2 Nh6 60. Qf3 Qxf2+ 61. Qxf2 Nxg4+ 62. Kg2 Nxf2 63. Kxf2 Kf6 0-1

[Event "90th GER-ch 2019"]
[Site "Magdeburg"]
[Date "2019.05.30"]
[Round "6.3"]
[White "Roseneck, Jonas"]
[Black "Krassowizkij, Jaroslaw"]
[Result "1-0"]
[ECO "C07"]
[WhiteElo "2403"]
[BlackElo "2450"]
[Annotator "ChessBase"]
[PlyCount "47"]
[EventDate "2019.05.26"]
[EventType "tourn"]
[EventCountry "GER"]
[SourceTitle "playchess.com"]
[Source "ChessBase"]
[SourceQuality "1"]
[TimeControl "40/5400+30:1800+30"]

1. e4 e6 2. d4 d5 3. Nd2 c5 4. exd5 Qxd5 5. Ngf3 cxd4 6. Bc4 Qd7 7. O-O Nc6 8. Qe2 a6 9. a4 Nf6 10. Nb3 Bd6 11. Rd1 O-O 12. Nbxd4 e5 13. Nxc6 Qxc6 14. Bg5 Bc7 15. Bxf6 Qxf6 16. Bd5 g6 17. c4 Re8 18. Nd2 Qe7 19. Ne4 Rb8 20. c5 Be6 21. Bxe6 Qxe6 22. Rd7 Re7 23. Rad1 Rbe8 24. R7d6 1-0

[Event "90th GER-ch 2019"]
[Site "Magdeburg"]
[Date "2019.05.30"]
[Round "6.4"]
[White "Kvetny, Mark"]
[Black "Winterberg, Lukas"]
[Result "1/2-1/2"]
[ECO "D36"]
[WhiteElo "2414"]
[BlackElo "2376"]
[Annotator "ChessBase"]
[PlyCount "78"]
[EventDate "2019.05.26"]
[EventType "tourn"]
[EventCountry "GER"]
[SourceTitle "playchess.com"]
[Source "ChessBase"]
[SourceQuality "1"]
[TimeControl "40/5400+30:1800+30"]

1. d4 Nf6 2. c4 e6 3. Nc3 d5 4. cxd5 exd5 5. Bg5 c6 6. Qc2 Nbd7 7. e3 Be7 8. Bd3 Nh5 9. Bxe7 Qxe7 10. O-O-O g6 11. Nf3 Nb6 12. h3 Ng7 13. Kb1 Bf5 14. Ne5 f6 15. Bxf5 fxe5 16. Bg4 e4 17. h4 Nf5 18. Bxf5 gxf5 19. Ne2 Nd7 20. Nf4 Nf8 21. Qe2 Qf7 22. g3 Ne6 23. Nxe6 Qxe6 24. Qh5+ Qg6 25. Qg5 Kd7 26. Rdf1 Rag8 27. Qxg6 Rxg6 28. Rc1 h5 29. Rc3 Re8 30. Re1 Kd6 31. b4 Rg7 32. Kc2 Rc7 33. Rc1 Ra8 34. Ra3 a6 35. Kb2 b6 36. Rb3 Rb7 37. Rbc3 Rc7 38. Rb3 Rb7 39. Rbc3 Rc7 1/2-1/2

[Event "90th GER-ch 2019"]
[Site "Magdeburg"]
[Date "2019.05.30"]
[Round "6.5"]
[White "Pajeken, Jakob Leon"]
[Black "Stern, Rene"]
[Result "0-1"]
[ECO "D05"]
[WhiteElo "2359"]
[BlackElo "2538"]
[Annotator "RC"]
[PlyCount "112"]
[EventDate "2019.05.26"]
[EventType "tourn"]
[EventCountry "GER"]
[SourceTitle "playchess.com"]
[Source "ChessBase"]
[SourceQuality "1"]
[TimeControl "40/5400+30:1800+30"]

1. d4 d5 2. Nf3 Nf6 3. e3 e6 4. Bd3 b6 5. O-O Bb7 6. b3 Nbd7 7. Bb2 Ne4 8. c4 Bd6 9. Nc3 Nxc3 10. Bxc3 O-O 11. Rc1 Qe7 12. Qe2 f5 13. Ne5 Nxe5 14. dxe5 Ba3 15. Rc2 a5 16. f4 Rad8 17. cxd5 Bxd5 18. Bd4 g6 19. h3 Rf7 20. Kh2 Qd7 21. Rd1 Bf8 22. Rdd2 c5 23. Bb2 Qb7 24. Ba6 Qa8 25. Bb5 Be7 26. Qf2 Rff8 27. Rc1 Be4 28. Bd7 Bd5 29. Bb5 Kf7 30. Rcd1 Bc6 31. Rxd8 Rxd8 32. Rxd8 Bxd8 33. Bf1 a4 34. Qd2 Be7 35. g4 axb3 36. axb3 Qa2 37. Qc2 Be4 38. Qc3 Qb1 39. Qc1 Qxc1 40. Bxc1 Bd5 41. Bc4 Ke8 42. e4 fxe4 43. Bxd5 exd5 44. Kg3 d4 45. f5 e3 46. f6 Bd8 47. Kf4 Kf7 48. Ke4 Ke6 49. b4 Bc7 50. f7 Kxf7 51. Kd5 Ke8 52. h4 Kd7 53. g5 cxb4 54. e6+ Ke8 55. Kxd4 e2 56. Bd2 Bg3 0-1